 Dungeon Crawl Stone Soup version 0.30-a0-1157-g2cc9ac7196 (webtiles) character file.

Game seed: 17599982133732317228

756 Newt the Trooper (level 7, -5/54 HPs)
             Began as a Demonspawn Gladiator on Apr 24, 2023.
             Slain by a gnoll sergeant
             ... wielding a +4 trident of protection
              (7 damage)
             ... on level 5 of the Dungeon.
             The game lasted 00:04:21 (3838 turns).

Newt the Trooper (Demonspawn Gladiator)             Turns: 3838, Time: 00:04:22

Health: -5/54      AC: 21    Str: 17    XL:     7   Next: 50%
Magic:  7/7        EV: 10    Int:  9    God:
Gold:   270        SH:  0    Dex: 14    Spells: 6/6 levels left

rFire   x . .        B - +2 hand axe (vamp)
rCold   + + .        r - orb {light}
rNeg    . . .        h - +0 ice dragon scales
rPois   +            (helmet restricted)
rElec   .            v - +1 cloak
rCorr   .            (no gloves)
SInv    +            (no boots)
Will    .....        (no amulet) Stlth
                     f - ring of poison resistance
HPRegen 0.29/turn    k - ring of see invisible
MPRegen 0.10/turn

%: no passive effects
@: sanguine armoured, glowing
A: antennae 1, sanguine armour 2
a: no special abilities


You were on level 5 of the Dungeon.
You visited 1 branch of the dungeon, and saw 5 of its levels.

You collected 270 gold pieces.

Inventory:

Hand Weapons
 a - a +0 rapier
 m - a +2 dagger of draining
 t - a +2 hand axe of flaming
 B - a +2 vampiric hand axe (weapon)
Missiles
 l - 6 silver javelins (quivered)
 q - 7 poisoned darts
 s - 3 javelins
 y - 3 boomerangs
Armour
 b - a +0 leather armour
 c - a +0 helmet
 h - +0 ice dragon scales (worn)
 r - an orb of light (worn)
 v - a +1 cloak (worn)
Jewellery
 f - a ring of poison resistance (left hand)
 k - a ring of see invisible (right hand)
Wands
 x - a wand of flame (28)
Scrolls
 j - 3 scrolls of teleportation
 u - a scroll of fear
Potions
 e - 2 potions of brilliance
 g - 2 potions of haste
 i - a potion of attraction {unknown}
 n - a potion of mutation
 o - a potion of ambrosia {unknown}
 p - a potion of might {unknown}
 w - a potion of degeneration {unknown}
 z - a potion of curing {unknown}
 A - a potion of resistance {unknown}


   Skills:
 - Level 4.0 Fighting
 - Level 2.6 Short Blades
 + Level 3.9 Axes
 - Level 4.0 Throwing
 - Level 4.0 Armour
 - Level 2.6 Dodging


You had 6 spell levels left.
You didn't know any spells.
Your spell library contained the following spells:

 Spells                   Type           Power      Damage    Failure   Level
 Apportation              Tloc           0%         N/A       86%         1
 Kiss of Death            Conj/Necr      0%         2d5       86%         1
 Necrotise                Necr           0%         1d4       86%         1
 Summon Small Mammal      Summ           0%         N/A       86%         1
 Confusing Touch          Hex            0%         N/A       99%         3
 Dispel Undead            Necr           0%         3d6       100%        4


Dungeon Overview and Level Annotations

Branches:
Dungeon (6/15)
 Temple: D:4-7

Altars:

Shops:
D:1 [[*[


Innate Abilities, Weirdness & Mutations

You have a pair of small antennae on your head.
When seriously injured, your blood forms thick armour. (AC +9)


Message History

The gnoll sergeant struggles against the net.
The net rips apart, and the gnoll sergeant comes free!
Throw: throwing net
Press: ? - help, Shift-Dir - straight line, f/p - gnoll sergeant
Aim: a gnoll sergeant, wielding a +4 trident of protection and wearing a +0 scale mail (heavily wounded, haloed, 87% to hit)
You throw a throwing net.
The throwing net hits the gnoll sergeant.
The gnoll sergeant is caught in the net!
The gnoll sergeant is heavily wounded.
The gnoll sergeant struggles against the net.
You hit the gnoll sergeant but do no damage.
The gnoll sergeant is heavily wounded.
The gnoll sergeant struggles against the net.
You hit the gnoll sergeant but do no damage.
The gnoll sergeant is heavily wounded.
The gnoll sergeant struggles against the net.
You hit the gnoll sergeant.
You feel better.
The gnoll sergeant is severely wounded.
The gnoll sergeant struggles against the net.
You hit the gnoll sergeant but do no damage.
The gnoll sergeant is severely wounded.
The gnoll sergeant struggles against the net.
The net rips apart, and the gnoll sergeant comes free!
The gnoll sergeant hits you with a +4 trident of protection.
* * * LOW HITPOINT WARNING * * *
Aiming: Throw Flame
Press: ? - help, Shift-Dir - straight line, f/p - gnoll sergeant
Aim: a gnoll sergeant, wielding a +4 trident of protection and wearing a +0 scale mail (severely wounded, haloed, 85% to hit)
The puff of flame hits the gnoll sergeant but does no damage.
The gnoll sergeant is severely wounded.
The gnoll sergeant hits you with a +4 trident of protection.
* * * LOW HITPOINT WARNING * * *
Unknown command.
Unknown command.
Okay, then.
As you read the scroll of fear, it crumbles to dust.
You assume a fearsome visage.
The gnoll sergeant resists with some effort.
The gnoll sergeant hits you with a +4 trident of protection!
You die...

#......####...########.
#......# ..... #.
#......# ...... #.
#......# #. ##......#
#. #.......#######
#######.
#..............
........
#.....).)......
........
#......@.......
........
.......g)......
........
.............$.
........
...............
........
...............
........
...............
........
...............
........
##......#######
######## #


You could see a gnoll sergeant.

Vanquished Creatures
  A water moccasin (D:6)
  An ice beast (D:6)
  A phantom (D:6)
  A kobold brigand (D:6)
  Blork the orc (D:5)
  2 scorpions
  A hound (D:6)
  An orc wizard (D:6)
  Robin (D:2)
  7 gnolls
  3 adders
  A white imp (D:6)
  A worm (D:2)
  A dart slug (D:2)
  6 orcs
  5 ball pythons
  A bat (D:1)
  An endoplasm (D:1)
  2 giant cockroaches
  10 goblins
  5 hobgoblins (D:2)
  3 jackals (D:2)
  8 kobolds
  A frilled lizard (D:1)
  4 rats
69 creatures vanquished.

Notes
Turn   | Place    | Note
-------+----------+-------------------------------------------
     0 | D:1      | Newt the Demonspawn Gladiator began the quest for the Orb.
     0 | D:1      | Reached XP level 1. HP: 16/16 MP: 1/1
    93 | D:1      | Found Plog's Armour Shoppe.
   567 | D:1      | Found Urenad's Antique Armour Emporium.
   621 | D:1      | Found Fetusowk's Assorted Antiques.
   714 | D:1      | Found Alocw's Armour Emporium.
   799 | D:1      | Gained mutation: When seriously injured, your blood forms
                  | armour. (AC +9) [demonic ancestry]
   799 | D:1      | Reached XP level 2. HP: 19/23 MP: 2/2
  1094 | D:2      | Noticed Robin
  1190 | D:2      | Reached XP level 3. HP: 29/29 MP: 3/3
  1238 | D:2      | Killed Robin
  1404 | D:2      | Gained mutation: You have a pair of small antennae on your
                  | head. [demonic ancestry]
  1404 | D:2      | Reached XP level 4. HP: 32/37 MP: 4/4
  1565 | D:2      | Found a faded altar of an unknown god.
  2131 | D:3      | You fall into a shaft and drop 3 floors!
  2147 | D:6      | Noticed a kobold brigand
  2183 | D:6      | Killed a kobold brigand
  2184 | D:6      | Gained mutation: When seriously injured, your blood forms
                  | thick armour. (AC +9) [demonic ancestry]
  2184 | D:6      | Reached XP level 5. HP: 32/42 MP: 5/5
  2202 | D:6      | Reached skill level 1 in Armour
  2606 | D:6      | Noticed an ice beast
  2621 | D:6      | Killed an ice beast
  2622 | D:6      | Reached XP level 6. HP: 45/48 MP: 6/6
  2757 | D:6      | Reached skill level 1 in Axes
  3051 | D:6      | Noticed a water moccasin
  3062 | D:6      | Killed a water moccasin
  3063 | D:6      | Reached XP level 7. HP: 33/54 MP: 7/7
  3414 | D:5      | Entered Level 5 of the Dungeon
  3526 | D:5      | Noticed Blork the orc
  3539 | D:5      | Killed Blork the orc
  3837 | D:5      | HP: 2/54 [gnoll sergeant/+4 trident of protection (5)]
  3838 | D:5      | Slain by a gnoll sergeant

Illustrated notes

Levels and vault maps discovered:
D:1:      heliophobic_arrival_henge, layout_basic, serial_shops,
          nicolae_shop_tiny_real_fake_doors, nicolae_shop_dealshenge, shop,
          shop, minmay_misc_feat_room
D:2:      layout_basic, dreamdust_ecumenical_altar_statues, uniq_robin
D:3:      minmay_evil_eye, layout_basic, serial_shops,
          nicolae_book_shop_shelving, interstate_on_off, grunt_ministairs_2,
          minivault_4, chequers_serial_rivers_large_b,
          minmay_misc_feat_more_columns
D:5:      layout_gridville, minmay_temple_entry_antechambers, uniq_blork_the_orc
D:6:      layout_cave_pods

Skill      XL: |  1  2  3  4  5  6  7 |
---------------+----------------------+-----
Fighting       | 3 4 |  4.0
Throwing       | 2 4 |  4.0
Armour         | 3 4 |  4.0
Axes           | 2 3 |  3.9
Short Blades   | |  2.6
Dodging        | |  2.6

Action                     |  1- 3 |  4- 6 |  7- 9 || total
---------------------------+-------+-------+-------++-------
  Melee: Rapier            |    21 |       |       ||    21
         Dagger            |    73 |   115 |       ||   188
         Punch             |     1 |       |       ||     1
         Hand axe          |       |    43 |    47 ||    90
  Throw: Javelin           |     1 |       |       ||     1
         Throwing net      |       |       |     3 ||     3
  Evoke: Wand              |       |       |     1 ||     1
    Use: Scroll            |     7 |     5 |     1 ||    13
   Stab: Held in net/web   |       |       |     1 ||     1
 Armour: Leather armour    |    30 |       |       ||    30
         Ice dragon scales |    10 |   106 |    19 ||   135
  Dodge: Dodged            |    61 |    88 |    23 ||   172

Table legend: (Time is in decaauts)
 A = Elapsed time spent in this place.
 B = Non-inter-level travel time spent in this place.
 C = Inter-level travel time spent in this place.
 D = Time resting spent in this place.
 E = Time spent auto-exploring this place.
 F = Levels seen in this place.
 G = Mean time per level.
                   A        B        C        D        E       F      G
               +--------+--------+--------+--------+--------+-----+--------+
         Total |   3829 |   3642 |    187 |    635 |   2392 |   5 |  765.8 |
       Dungeon |   3829 |   3642 |    187 |    635 |   2392 |   5 |  765.8 |
               +--------+--------+--------+--------+--------+-----+--------+

Top non-repeatable levels by time:
     D:6: 1286 daAuts
     D:2: 1067 daAuts
     D:1: 1047 daAuts
     D:5: 428 daAuts
